Map: Submarine LE

Players

Kevin - Winner!

  • Race: Terran Terran
  • Spawn Location: 5:00

VOD

Have the link to the VOD?

Description

Time

  • Played on: Nov. 20, 2020, 7:14 a.m.
  • Length: 13:38
Show
View Real Time Build Order
Export as new Build Order

Kevin Terran - Winner!

Build Orders:  

Get SALT Encoding   

  12  0:00  SCV  
  13  0:17  SCV  
  14  0:23  Supply Depot  
  14  0:34  SCV  
  15  0:51  Refinery  
  15  0:55  SCV  
  16  1:11  Barracks  
  16  1:14  SCV  
  17  1:31  SCV  
  18  1:48  SCV  
  19  2:05  SCV  
  20  2:11  Command Center  
  21  2:22  Reaper  
  21  2:24  SCV  
  22  2:41  Orbital Command  
  22  2:50  Supply Depot  
  22  3:07  Reaper  
  23  3:22  Barracks  
  23  3:26  Barracks  
  23  3:34  Supply Depot  
  23  3:41  SCV  
  24  3:57  Supply Depot  
  24  4:11  SCV, Orbital Command  
  25  4:30  Supply Depot  
  25  4:33  Marine x2  
  25  4:34  Marine  
  25  4:35  SCV  
  29  4:44  Unknown  
  29  4:45  Unknown  
  29  4:52  SCV  
  30  5:09  Marine x3  
  33  5:10  SCV x2  
  35  5:27  SCV x2  
  35  5:34  Marine x3  
  38  5:57  Refinery  
  41  6:01  Factory  
  41  6:04  Engineering Bay  
  41  6:08  Barracks Tech Lab, Barracks Reactor x2  
  38  6:19  SCV x2  
  39  6:29  Refinery  
  39  6:32  Refinery  
  39  6:36  SCV x2  
  41  6:45  Marauder  
  41  6:47  Unknown  
  43  6:53  SCV x2, Terran Infantry Weapons Level 1  
  45  7:04  Bunker  
  45  7:10  SCV x2  
  47  7:20  Marine x2  
  47  7:21  Marine x2  
  47  7:22  Factory Tech Lab  
  47  7:27  SCV x2, Starport  
  47  7:29  Marauder  
  55  7:44  SCV x2  
  55  7:46  Supply Depot  
  52  8:01  SCV x2, Marine x2, Marauder  
  52  8:02  Marine x2  
  57  8:15  Siege Tank  
  57  8:18  Supply Depot  
  57  8:19  Starport Reactor  
  60  8:26  Marine x2  
  60  8:27  Marine x2  
  64  8:31  SCV x2, Marauder  
  64  8:37  Concussive Shells  
  68  8:49  Supply Depot  
  69  9:04  Marauder  
  69  9:05  Marine x4  
  69  9:07  Siege Tank  
  77  9:21  Supply Depot  
  77  9:38  Medivac x2  
  81  9:41  Marauder, Marine x3  
  81  9:42  Marine  
  87  9:53  Supply Depot  
  87  10:11  Marauder  
  89  10:24  Supply Depot, Stimpack  
  80  10:38  Marine x3  
  80  10:39  Marine  
  77  10:41  Marauder  
  73  10:56  Supply Depot, Medivac x2, Siege Tank  
  80  11:03  Marine x3  
  80  11:04  Marine  
  84  11:11  Marauder  
  86  11:28  Marine x4  
  90  11:38  Medivac x2  
  94  11:40  Marauder  
  94  11:41  Supply Depot, Siege Tank  
  99  11:51  Siege Tank x2  
  99  11:53  Marine x4  
  103  12:05  Armory  
  103  12:10  Marauder  
  103  12:12  Supply Depot  
  103  12:18  Marine x4  
  109  12:20  Medivac x2  
  109  12:26  Siege Tank  
  109  12:28  Supply Depot  
  116  12:40  Marauder  
  116  12:43  Supply Depot, Marine x4  
  122  13:01  Supply Depot  
  122  13:15  Supply Depot  
  124  13:35  Supply Depot  
Tags
 
Add a new tag
Caveats
  • Supply blocks, unpowered buildings, or Contaminate may cause inaccurate times.
  • Supply counts are checked every 10 seconds.